 Dungeon Crawl Stone Soup version 0.20-a0-1074-g6a0a8e1 (webtiles) character file.

175 dvd the Magician (level 5, 0/28 HPs)
             Began as a Deep Elf Air Elementalist on Apr 29, 2017.
             Slain by an orc wizard
             ... wielding a +0 dagger
              (3 damage)
             ... on level 3 of the Dungeon.
             The game lasted 00:10:38 (3303 turns).

dvd the Magician (Deep Elf Air Elementalist)        Turns: 3303, Time: 00:10:39

Health: 0/28       AC:  2    Str:  5    XL:     5   Next: 29%
Magic:  0/13       EV: 13    Int: 21    God:
Gold:   79         SH:  0    Dex: 15    Spells: 5/13 levels left

rFire    . . .     SeeInvis .   m - +0 dagger
rCold    . . .     Gourm    .   (no shield)
rNeg     . . .     Faith    .   a - +0 robe
rPois    .         Spirit   .   (no helmet)
rElec    .         Reflect  .   (no cloak)
rCorr    .         Harm     +   (no gloves)
MR       .....                  (no boots)
Stlth    ++........             d - amulet of harm
Regen    0.1/turn               (no ring)
MPRegen  0.2/turn               (no ring)

@: slowed, very slow
A: no striking features
a: no special abilities


You were on level 3 of the Dungeon.
You were not hungry.

You visited 1 branch of the dungeon, and saw 3 of its levels.

You collected 79 gold pieces.

Inventory:

Hand Weapons
 m - a +0 dagger (weapon)
 p - a +0 short sword
Armour
 a - a +0 robe (worn)
Jewellery
 d - an amulet of harm (around neck)
Wands
 k - a wand of paralysis (0/24)
Scrolls
 e - a scroll of teleportation {unknown}
 h - a scroll of blinking {unknown}
 j - a scroll of magic mapping {unknown}
 r - a scroll of remove curse
Potions
 l - a potion of agility
 q - a potion of curing
Books
 b - a book of Air

   Spells                             Type                      Level
   a - Shock                          Conjuration/Air              1
   b - Swiftness                      Charms/Air                   2
   c - Static Discharge               Conjuration/Air              3
   d - Airstrike                      Air                          4
   e - Lightning Bolt                 Conjuration/Air              5
Comestibles
 c - 3 bread rations
 f - a royal jelly
 g - 4 fruits
 i - 3 chunks of flesh
 t - a meat ration


   Skills:
 + Level 0.4 Short Blades
 + Level 3.1 Dodging
 + Level 3.5 Stealth
 + Level 4.6 Spellcasting
 + Level 2.6 Conjurations
 + Level 3.9 Air Magic


You had 5 spell levels left.
You knew the following spells:

 Your Spells              Type           Power        Failure   Level  Hunger
a - Shock                 Conj/Air       ###.         3%          1    None
b - Static Discharge      Conj/Air       ###.....     9%          3    ##.....
c - Airstrike             Air            ###.......   22%         4    ####...


Dungeon Overview and Level Annotations

Branches:
Dungeon (3/15)

Altars:
Gozag
Hepliaklqana
Makhleb
Nemelex Xobeh
Trog
Xom


Message History

The zap hits the rat.
You kill the rat!
The orc hits you with a short sword.
* * * LOW HITPOINT WARNING * * *
The orc completely misses you.
Unknown command.
Casting: Shock
Confirm with . or Enter, or press ? or * to list all spells.
Aiming: Shock
Press: ? - help, Shift-Dir - straight line, f - orc
Aim: an orc, wielding a short sword and wearing a ring mail (moderately wounded)
The zap hits the orc.
The orc is heavily wounded.
The orc wizard is no longer paralysed.
The orc wizard casts a spell.
The orc wizard blinks!
The orc misses you.
Your magical contamination has completely faded away.
Unknown command.
The orc wizard hits you with a dagger.
You die...

...# ... # # #..# ######... .
.. . #..# #....... # #....
#..# #.....# #### # #....
#..# #.....+ .....
###....###..###.....###.....
.................o.......>..
................@o..ยง.###...
##########..#######...)))..#
# #..#............?.# #
#..#..............#
##########..#...............
............+.>..)....#+#...
#############......_..# ...
#)........# .. #.........#


You could see an orc wizard and an orc.

Vanquished Creatures
  A jelly (D:3)
  4 gnolls (D:2)
  4 adders
  4 worms (D:2)
  A dart slug (D:1)
  4 leopard geckos
  4 orcs (D:3)
  4 goblins
  5 hobgoblins
  A quokka (D:2)
  A ball python (D:2)
  3 bats (D:2)
  6 frilled lizards
  10 kobolds
  6 rats
58 creatures vanquished.

Notes
Turn   | Place    | Note
-------+----------+-------------------------------------------
     0 | D:1      | dvd the Deep Elf Air Elementalist began the quest for the Orb.
     0 | D:1      | Reached XP level 1. HP: 10/10 MP: 6/6
   856 | D:1      | Reached XP level 2. HP: 15/15 MP: 0/8
  1439 | D:2      | Reached XP level 3. HP: 6/19 MP: 6/10
  1553 | D:2      | Learned a level 3 spell: Static Discharge
  1938 | D:2      | Reached skill level 4 in Spellcasting
  1938 | D:2      | Reached XP level 4. HP: 24/24 MP: 12/12
  1954 | D:2      | Learned a level 4 spell: Airstrike
  1968 | D:2      | Found a sparkling altar of Nemelex Xobeh.
  2250 | D:2      | Found a bloodstained altar of Trog.
  2329 | D:2      | Found an opulent altar of Gozag.
  2521 | D:2      | Found a burning altar of Makhleb.
  2725 | D:2      | Found a shimmering altar of Xom.
  3088 | D:3      | Reached XP level 5. HP: 28/28 MP: 5/13
  3274 | D:3      | Found a hazy altar of Hepliaklqana.
  3303 | D:3      | Slain by an orc wizard

Vault maps used:
D:1:      erik_arrival_blinker_ship
D:2:      wad_crossroads, lightli_temple_of_fire, grunt_gozag_breadcrumbs,
          makhleb_blood_cavern_becter, nemelex_xobeh_ov_fountains_minmay,
          lemuel_round_altar, kennysheep_doodads, hangedman_decor_push,
          corexii_item_surrounded_by_moat
D:3:      overflow_temple_1_default, first_bread

Skill      XL: |  1  2  3  4 |
---------------+-------------+-----
Dodging        | 3 |  3.1
Stealth        | 3 |  3.5
Spellcasting   | 4 |  4.6
Conjurations   | 2 |  2.6
Short Blades   | |  0.4
Air Magic      | |  3.9

Action                   |  1- 3 |  4- 6 || total
-------------------------+-------+-------++-------
Melee: Unarmed           |     1 |       ||     1
       Dagger            |     3 |     7 ||    10
 Cast: Shock             |    62 |    71 ||   133
Evoke: Wand              |       |     4 ||     4
  Use: Scroll            |     4 |       ||     4
       Potion            |       |     8 ||     8
 Stab: Sleeping          |     2 |     4 ||     6
  Eat: Chunk             |     3 |     4 ||     7
Armor: Robe              |     5 |     3 ||     8
Dodge: Dodged            |    16 |    27 ||    43
